 Dungeon Crawl Stone Soup version 0.29.1-12-g30fa7ad0bf (webtiles) character file.

Game seed: 3160103451498224601

104 GigaChad the Covered (level 4, 0/40 HPs)
             Began as a Minotaur Fighter on Dec 12, 2022.
             Was an Initiate of Trog.
             Succumbed to an orc priest's poison
             ... on level 3 of the Dungeon.
             The game lasted 00:02:18 (1922 turns).

GigaChad the Covered (Minotaur Fighter)             Turns: 1922, Time: 00:02:19

Health: 0/40       AC:  9    Str: 23    XL:     4   Next: 52%
Magic:  3/3        EV:  7    Int:  5    God:    Trog [......]
Gold:   161        SH:  4    Dex:  9    Spells: 3/3 levels left

rFire   . . .      SeeInvis .   a - +0 war axe
rCold   . . .      Faith    .   c - +0 buckler
rNeg    . . .      Spirit   .   h - +0 chain mail
rPois   .          Reflect  .   (helmet restricted)
rElec   .          Harm     .   (no cloak)
rCorr   .          Rampage  .   (no gloves)
Will    .....                   (no boots)
Stlth   ..........              (no amulet)
HPRegen 0.13/turn               (no ring)
MPRegen 0.08/turn               (no ring)

@: lethally poisoned (0 -> -16)
A: horns 2, retaliatory headbutt
a: Renounce Religion


You were on level 3 of the Dungeon.
You worshipped Trog.
Trog was noncommittal.
You visited 1 branch of the dungeon, and saw 3 of its levels.

You collected 161 gold pieces.

Inventory:

Hand Weapons
 a - a +0 war axe (weapon)
Armour
 b - a +0 scale mail
 c - a +0 buckler (worn)
 h - a +0 chain mail (worn)
Jewellery
 j - a ring of positive energy
Scrolls
 f - 7 scrolls of identify {unknown}
 g - a scroll of enchant weapon {unknown}
 i - 2 scrolls of teleportation {unknown}
Potions
 d - 2 potions of might
 e - 2 potions of curing {unknown}
 k - a potion of berserk rage {unknown}
 l - a potion of flight {unknown}
 m - a potion of invisibility {unknown}
 n - a potion of degeneration {unknown}


   Skills:
 + Level 4.1 Fighting
 + Level 3.8 Axes
 + Level 4.9 Armour
 + Level 4.2 Shields


You had 3 spell levels left.
You didn't know any spells.
Your spell library contained the following spells:

 Spells                   Type           Power      Damage    Failure   Level
 Freeze                   Ice            0%         1d3       99%         1
 Call Canine Familiar     Summ           0%         N/A       100%        3
 Frozen Ramparts          Ice            0%         1d1       100%        3
 Portal Projectile        Hex/Tloc       0%         N/A       100%        3
 Hailstorm                Conj/Ice       0%         3d3       100%        4
 Leda's Liquefaction      Hex/Erth       0%         N/A       100%        4


Dungeon Overview and Level Annotations

Branches:
Dungeon (3/15)

Altars:
Trog


Innate Abilities, Weirdness & Mutations

You have a pair of horns on your head.
You reflexively headbutt those who attack you in melee.


Message History

You closely miss the orc priest. The orc priest barely misses you.
You slash the orc priest!
The orc priest is severely wounded.
The orc priest hits you with a +2 dagger of venom.
You are poisoned.
The orc priest invokes the aid of Beogh against you.
Beogh smites you!
You closely miss the orc priest. Your headbutt misses the orc priest.
The orc priest is severely wounded.
You hit the orc but do no damage.
You feel very sick. The orc closely misses you. You furiously retaliate!
You headbutt the orc!
The orc priest hits you but does no damage.
You are more poisoned.
The orc closely misses you.
You hit the orc priest.
The orc priest is almost dead.
You hit the orc.
You kill the orc!
Trog accepts your kill.
You hear the rapid rusting of a distant drain.
You feel very sick.
You slash the orc!
You kill the orc!
Trog accepts your kill.
You feel very sick.
The orc priest hits you with a +2 dagger of venom.
You are lethally poisoned!
You closely miss the orc priest. Your headbutt misses the orc priest.
The orc priest is almost dead.
* * * LOW HITPOINT WARNING * * *
You feel very sick.
The orc priest hits you but does no damage.
You are more poisoned.
You hit the orc priest.
You kill the orc priest!
Trog accepts your kill.
* * * LOW HITPOINT WARNING * * *
You feel very sick.
You die...

### #.# #.# #.#
########.#####
.............#####
.................# .#
######.#.###.###.######.#
###.#.###.###@)....#.#
#...#...........##.#.#
#.#.#.##...#.......#.#
#.#..........#..#..#.#
####.#...##.....#..#..#.#
................†.)>....#
......................#.#
...............#..#..##.#
#
#.)#.#..).........#..##.#
#


There were no monsters in sight!

Vanquished Creatures
  An orc priest (D:3)
  2 adders (D:2)
  A worm (D:3)
  A dart slug (D:3)
  5 orcs (D:3)
  4 endoplasms
  2 giant cockroaches
  2 goblins
  4 hobgoblins
  6 kobolds
  5 quokkas
  5 ball pythons
  3 bats
  A frilled lizard (D:2)
  2 rats
44 creatures vanquished.

Notes
Turn   | Place    | Note
-------+----------+-------------------------------------------
     0 | D:1      | GigaChad the Minotaur Fighter began the quest for the Orb.
     0 | D:1      | Reached XP level 1. HP: 19/19 MP: 0/0
   351 | D:1      | Found a faded altar of an unknown god.
   354 | D:1      | Reached XP level 2. HP: 27/27 MP: 1/1
   940 | D:2      | Reached XP level 3. HP: 33/33 MP: 2/2
  1600 | D:3      | Found a bloodstained altar of Trog.
  1615 | D:3      | Became a worshipper of Trog the Wrathful
  1752 | D:3      | Reached XP level 4. HP: 40/40 MP: 3/3
  1922 | D:3      | Succumbed to an orc priest's poison

Illustrated notes

Levels and vault maps discovered:
D:1:      minmay_arrival_four_circles, layout_rooms,
          hellmonk_ecumenical_altar_lost_god
D:2:      layout_basic, kennysheep_another_room
D:3:      layout_basic, mainiacjoe_overflow_chevrons, gup_sewer_entry_spiral,
          uniq_terence

Skill      XL: |  1  2  3 |
---------------+----------+-----
Armour         | 4 |  4.9
Shields        | 4 |  4.2
Axes           | 3 |  3.8
Fighting       | 4 |  4.1

Action                   |  1- 3 |  4- 6 || total
-------------------------+-------+-------++-------
Melee: War axe           |    78 |     9 ||    87
       Headbutt          |    11 |       ||    11
Armor: Scale mail        |     5 |       ||     5
       Chain mail        |    47 |     4 ||    51
Dodge: Dodged            |    27 |     3 ||    30
Block: Buckler           |    20 |       ||    20
